NWL (28 & UNDER)
BISMARCK BARONS @ BISMARK BORDER GUARDS
08/13/2028
 
TOP OF THE 1ST
Bismarck Barons batting - Pitching for Bismark Border Guards : RHP Ángel Estrada
Pitching: RHP Ángel Estrada
Batting: LHB Earl Wigfall 0-0: Foul Ball, location: 2F
0-1: Ball
1-1: Ball
2-1: Ground out 4-3 (Groundball, 34)
Batting: RHB Eugenio Maldonado 0-0: Called Strike
0-1: Swinging Strike
0-2: Strikes out swinging
Batting: RHB Jason Stover 0-0: Fly out, F9 (Flyball, 9LMF)
Top of the 1st over - 0 run(s), 0 hit(s), 0 error(s), 0 left on base; Bismarck 0 - Bismark 0
BOTTOM OF THE 1ST
Bismark Border Guards batting - Pitching for Bismarck Barons : RHP Kyle Horton
Pitching: RHP Kyle Horton
Batting: LHB Pedro Camacho 0-0: Ground out 4-3 (Groundball, 4)
Batting: RHB Alfredo Farías 0-0: Fly out, F3 (Line Drive, 34)
Batting: LHB José Delgado 0-0: Called Strike
0-1: Ball
1-1: Foul Ball, location: 2F
1-2: Strikes out swinging
Bottom of the 1st over - 0 run(s), 0 hit(s), 0 error(s), 0 left on base; Bismarck 0 - Bismark 0
TOP OF THE 2ND
Bismarck Barons batting - Pitching for Bismark Border Guards : RHP Ángel Estrada
Batting: RHB Fernando Castellanos 0-0: Ball
1-0: Called Strike
1-1: Foul Ball, location: 2F
1-2: SOLO HOME RUN (Flyball, 7D), Distance : 390 ft
Batting: RHB Dave Anderson 0-0: Swinging Strike
0-1: Ground out 5-3 (Groundball, 56)
Batting: SHB José Gonzáles 0-0: Called Strike
0-1: Ball
1-1: Called Strike
1-2: Ball
2-2: Strikes out swinging
Batting: RHB Eric Black 0-0: Called Strike
0-1: Ball
1-1: Ground out 6-3 (Groundball, 6)
Top of the 2nd over - 1 run(s), 1 hit(s), 0 error(s), 0 left on base; Bismarck 1 - Bismark 0
BOTTOM OF THE 2ND
Bismark Border Guards batting - Pitching for Bismarck Barons : RHP Kyle Horton
Batting: RHB Vincent Braun 0-0: Ball
1-0: Foul Ball, location: 2F
1-1: Swinging Strike
1-2: Ball
2-2: Foul Ball, location: 2F
2-2: Foul Ball, location: 2F
2-2: Foul Ball, location: 2F
2-2: Ground out 6-3 (Groundball, 6S)
Batting: LHB Carlos Valentín 0-0: Swinging Strike
0-1: Ball
1-1: Foul Ball, location: 2F
1-2: Ball
2-2: DOUBLE (Line Drive, 89S)
Batting: LHB Manuel Pérez 0-0: Called Strike
0-1: Ball
1-1: Swinging Strike
1-2: SINGLE (Groundball, 34D)
Carlos Valentín to third
Runner from 3rd tries for Home, SAFE, throw made home
Batting: RHB José Vidal 0-0: Ball
Manuel Pérez steals 2nd base
1-0: Ball
2-0: Ball
3-0: Called Strike
3-1: Called Strike
3-2: Base on Balls
Batting: LHB Kelsey Scott 0-0: Ball
1-0: Foul Ball, location: 2F
1-1: Called Strike
1-2: Ball
2-2: Ball
3-2: Base on Balls
Manuel Pérez to third
José Vidal to second
Batting: RHB Ricardo Ruíz 0-0: Ball
1-0: Ball
2-0: Foul Ball, location: 2F
2-1: Grounds into double play, 5-4-3 (Groundball, 56)
Bottom of the 2nd over - 1 run(s), 2 hit(s), 0 error(s), 2 left on base; Bismarck 1 - Bismark 1
TOP OF THE 3RD
Bismarck Barons batting - Pitching for Bismark Border Guards : RHP Ángel Estrada
Batting: RHB Tomás Rivera 0-0: Called Strike
0-1: Foul Ball, location: 2F
0-2: Ball
1-2: Strikes out swinging
Batting: RHB Xie-li Fong 0-0: Ball
1-0: Called Strike
1-1: Ball
2-1: SINGLE (Line Drive, 34)
Batting: LHB Earl Wigfall 0-0: Ball
1-0: Swinging Strike
1-1: Ground out 4-3 (Groundball, 34)
Xie-li Fong to second
Batting: RHB Eugenio Maldonado 0-0: Swinging Strike
0-1: Swinging Strike
0-2: Ball
1-2: Ball
2-2: Strikes out looking
Top of the 3rd over - 0 run(s), 1 hit(s), 0 error(s), 1 left on base; Bismarck 1 - Bismark 1
BOTTOM OF THE 3RD
Bismark Border Guards batting - Pitching for Bismarck Barons : RHP Kyle Horton
Batting: LHB Pedro Camacho 0-0: Called Strike
0-1: Ball
1-1: Ball
2-1: Ball
3-1: Base on Balls
Batting: RHB Alfredo Farías 0-0: Ball
1-0: Fly out, F8 (Flyball, 89M)
Batting: LHB José Delgado 0-0: Swinging Strike
0-1: Ball
1-1: Foul Ball, location: 2F
1-2: Ground out 3-1 (Groundball, 34S)
Pedro Camacho to second
Batting: RHB Vincent Braun 0-0: Foul Ball, location: 2F
0-1: Ground out 6-3 (Groundball, 6MS)
Bottom of the 3rd over - 0 run(s), 0 hit(s), 0 error(s), 1 left on base; Bismarck 1 - Bismark 1
TOP OF THE 4TH
Bismarck Barons batting - Pitching for Bismark Border Guards : RHP Ángel Estrada
Batting: RHB Jason Stover 0-0: Ball
1-0: Called Strike
1-1: Called Strike
1-2: Ball
2-2: Ball
3-2: Strikes out swinging
Batting: RHB Fernando Castellanos 0-0: Ball
1-0: Swinging Strike
1-1: Ball
2-1: Fly out, F8 (Flyball, 8RS)
Batting: RHB Dave Anderson 0-0: Ball
1-0: Fly out, F8 (Flyball, 8RM)
Top of the 4th over - 0 run(s), 0 hit(s), 0 error(s), 0 left on base; Bismarck 1 - Bismark 1
BOTTOM OF THE 4TH
Bismark Border Guards batting - Pitching for Bismarck Barons : RHP Kyle Horton
Batting: LHB Carlos Valentín 0-0: Ball
1-0: Ball
2-0: Called Strike
2-1: Foul Ball, location: 2F
2-2: Foul Ball, location: 2F
2-2: Ball
3-2: Strikes out looking
Batting: LHB Manuel Pérez 0-0: Ball
1-0: Called Strike
1-1: Called Strike
1-2: Foul Ball, location: 2F
1-2: Ground out 4-3 (Groundball, 4)
Batting: RHB José Vidal 0-0: Ball
1-0: Ball
2-0: Ball
3-0: Base on Balls
Batting: LHB Kelsey Scott 0-0: Called Strike
0-1: Swinging Strike
0-2: Strikes out swinging
Bottom of the 4th over - 0 run(s), 0 hit(s), 0 error(s), 1 left on base; Bismarck 1 - Bismark 1
TOP OF THE 5TH
Bismarck Barons batting - Pitching for Bismark Border Guards : RHP Ángel Estrada
Batting: SHB José Gonzáles 0-0: Ball
1-0: Ball
2-0: Ball
3-0: Called Strike
3-1: Base on Balls
Batting: RHB Eric Black 0-0: Called Strike
0-1: Foul Ball, location: 2F
0-2: Foul Ball, location: 2F
0-2: Ball
1-2: Strikes out swinging
Batting: RHB Tomás Rivera 0-0: Called Strike
José Gonzáles steals 2nd base
0-1: Foul Ball, location: 2F
0-2: Foul Ball, location: 2F
0-2: Ball
1-2: Ball
2-2: Strikes out swinging
Batting: RHB Xie-li Fong 0-0: Ball
1-0: Foul Ball, location: 2F
1-1: Ball
2-1: Fly out, F7 (Flyball, 78S)
Top of the 5th over - 0 run(s), 0 hit(s), 0 error(s), 1 left on base; Bismarck 1 - Bismark 1
BOTTOM OF THE 5TH
Bismark Border Guards batting - Pitching for Bismarck Barons : RHP Kyle Horton
Batting: RHB Ricardo Ruíz 0-0: Called Strike
0-1: Ball
1-1: Foul Ball, location: 2F
1-2: Strikes out swinging
Batting: LHB Pedro Camacho 0-0: Called Strike
0-1: Fly out, F3 (Line Drive, 3)
Batting: RHB Alfredo Farías 0-0: Ball
1-0: Called Strike
1-1: Ball
2-1: Ground out U3 (Groundball, 34)
Bottom of the 5th over - 0 run(s), 0 hit(s), 0 error(s), 0 left on base; Bismarck 1 - Bismark 1
TOP OF THE 6TH
Bismarck Barons batting - Pitching for Bismark Border Guards : RHP Ángel Estrada
Batting: LHB Earl Wigfall 0-0: Foul Ball, location: 2F
0-1: Swinging Strike
0-2: Ball
1-2: SINGLE (Flyball, 8RS)
Batting: RHB Eugenio Maldonado 0-0: Fielders Choice at 2nd, 1-4 (Groundball, 15S)
Batting: RHB Jason Stover 0-0: Ground out 6-3 (Groundball, 6S)
Eugenio Maldonado to second
Batting: RHB Fernando Castellanos 0-0: Swinging Strike
0-1: Ball
1-1: Called Strike
1-2: Ball
2-2: Ball
3-2: Base on Balls
Batting: RHB Dave Anderson 0-0: Foul Ball, location: 2F
0-1: Ball
1-1: Fly out, F3 (Popup, 3S)
Top of the 6th over - 0 run(s), 1 hit(s), 0 error(s), 2 left on base; Bismarck 1 - Bismark 1
BOTTOM OF THE 6TH
Bismark Border Guards batting - Pitching for Bismarck Barons : RHP Kyle Horton
Batting: LHB José Delgado 0-0: Ball
1-0: Called Strike
1-1: Ground out 1-3 (Groundball, P)
Batting: RHB Vincent Braun 0-0: Ball
1-0: Ball
2-0: Swinging Strike
2-1: Ground out 5-3 (Groundball, 56S)
Batting: LHB Carlos Valentín 0-0: Ball
1-0: Ball
2-0: Ball
3-0: Base on Balls
Batting: LHB Manuel Pérez 0-0: Called Strike
0-1: 2-RUN HOME RUN (Line Drive, 89XD), Distance : 424 ft
Batting: RHB José Vidal 0-0: Swinging Strike
0-1: Called Strike
0-2: Foul Ball, location: 2F
0-2: Ball
1-2: Ball
2-2: Foul Ball, location: 2F
2-2: Foul Ball, location: 2F
2-2: Foul Ball, location: 2F
2-2: Ground out 5-3 (Groundball, 56)
Bottom of the 6th over - 2 run(s), 1 hit(s), 0 error(s), 0 left on base; Bismarck 1 - Bismark 3
TOP OF THE 7TH
Bismarck Barons batting - Pitching for Bismark Border Guards : RHP Ángel Estrada
Now at 1B: Vicente Pagán
Batting: SHB José Gonzáles 0-0: Fly out, F4 (Popup, 34D)
Batting: RHB Eric Black 0-0: Swinging Strike
0-1: Ball
1-1: Foul Ball, location: 2F
1-2: Ball
2-2: Foul Ball, location: 2F
2-2: Foul Ball, location: 2F
2-2: Foul Ball, location: 2F
2-2: Strikes out looking
Batting: RHB Tomás Rivera 0-0: Ball
1-0: Called Strike
1-1: Called Strike
1-2: Strikes out swinging
Top of the 7th over - 0 run(s), 0 hit(s), 0 error(s), 0 left on base; Bismarck 1 - Bismark 3
BOTTOM OF THE 7TH
Bismark Border Guards batting - Pitching for Bismarck Barons : RHP Kyle Horton
Pitching: LHP Charlie Conner
Batting: LHB Kelsey Scott 0-0: Ball
1-0: Called Strike
1-1: Foul Ball, location: 2F
1-2: Ball
2-2: Foul Ball, location: 2F
2-2: Strikes out swinging
Batting: RHB Ricardo Ruíz 0-0: Called Strike
0-1: Foul Ball, location: 2F
0-2: Ball
1-2: Foul Ball, location: 2F
1-2: Ball
2-2: Strikes out looking
Pitching: RHP Wilson Molina
Batting: LHB Pedro Camacho 0-0: Swinging Strike
0-1: SINGLE (Groundball, 3D)
Batting: RHB Alfredo Farías 0-0: Ball
1-0: Ball
2-0: SINGLE (Groundball, 34) (infield hit)
Pedro Camacho to second
Batting: LHB José Delgado 0-0: SINGLE (Groundball, 56D)
Pedro Camacho to third
Alfredo Farías to second
Runner from 3rd tries for Home, SAFE, no throw
Batting: SHB Vicente Pagán 0-0: Ball
1-0: Called Strike
Alfredo Farías steals 3rd base
José Delgado to second
1-1: Ball
2-1: Foul Ball, location: 2F
2-2: Fly out, F8 (Flyball, 8RM)
Bottom of the 7th over - 1 run(s), 3 hit(s), 0 error(s), 2 left on base; Bismarck 1 - Bismark 4
TOP OF THE 8TH
Bismarck Barons batting - Pitching for Bismark Border Guards : RHP Ángel Estrada
Pitching: RHP Beau Murphy
Now in RF: Juan Viera
Batting: RHB Xie-li Fong 0-0: Called Strike
0-1: Ball
1-1: Called Strike
1-2: Strikes out swinging
Batting: LHB Earl Wigfall 0-0: Foul Ball, location: 2F
0-1: Foul Ball, location: 2F
0-2: SINGLE (Groundball, 4D)
Batting: RHB Eugenio Maldonado 0-0: Foul Ball, location: 2F
0-1: Ball
1-1: Ball
2-1: Foul Ball, location: 2F
2-2: Strikes out looking
Batting: RHB Jason Stover 0-0: Foul Ball, location: 2F
0-1: Called Strike
0-2: Ball
1-2: Fly out, F9 (Flyball, 9S)
Top of the 8th over - 0 run(s), 1 hit(s), 0 error(s), 1 left on base; Bismarck 1 - Bismark 4
BOTTOM OF THE 8TH
Bismark Border Guards batting - Pitching for Bismarck Barons : RHP Wilson Molina
Batting: LHB Carlos Valentín 0-0: Ball
1-0: Called Strike
1-1: SINGLE (Groundball, 3D)
Batting: LHB Manuel Pérez 0-0: Bunted foul
0-1: Bunt missed!
0-2: Ball
1-2: Ball
2-2: Ball
3-2: Foul Ball, location: 2F
3-2: Fielders Choice at 2nd, 1-6 (Groundball, 13)
Batting: RHB José Vidal 0-0: Ball
1-0: Called Strike
1-1: Swinging Strike
1-2: Strikes out swinging
Batting: LHB Kelsey Scott 0-0: Ball
1-0: Ball
2-0: Called Strike
2-1: Ball
3-1: Foul Ball, location: 2F
3-2: Base on Balls
Manuel Pérez to second
Batting: RHB Ricardo Ruíz 0-0: Called Strike
0-1: Foul Ball, location: 2F
0-2: Strikes out swinging
Bottom of the 8th over - 0 run(s), 1 hit(s), 0 error(s), 2 left on base; Bismarck 1 - Bismark 4
TOP OF THE 9TH
Bismarck Barons batting - Pitching for Bismark Border Guards : RHP Beau Murphy
Pitching: RHP César Rodríguez
Batting: RHB Fernando Castellanos 0-0: Ball
1-0: Ball
2-0: Swinging Strike
2-1: Foul Ball, location: 2F
2-2: Strikes out swinging, 2-3 out at first.
Batting: RHB Dave Anderson 0-0: Ball
1-0: Swinging Strike
1-1: Swinging Strike
1-2: Ball
2-2: Strikes out swinging
Batting: SHB José Gonzáles 0-0: Swinging Strike
0-1: Ball
1-1: Fly out, F7 (Flyball, 7S)
Top of the 9th over - 0 run(s), 0 hit(s), 0 error(s), 0 left on base; Bismarck 1 - Bismark 4
Tuesday, August 8th, 2017 - OOTP Baseball 17.12 Build 75